 Dungeon Crawl Stone Soup version 0.20.1-1-g8b1a95d (webtiles) character file.

1435 BALLS the Carver (level 8, -1/43 HPs)
             Began as a Vine Stalker Fighter on Dec 12, 2017.
             Succumbed to a water moccasin's poison
             ... on level 5 of the Dungeon on Dec 13, 2017.
             The game lasted 00:16:16 (4614 turns).

BALLS the Carver (Vine Stalker Fighter)             Turns: 4614, Time: 00:16:16

Health: -1/43      AC: 10    Str: 21    XL:     8   Next: 73%
Magic:  9/9        EV:  7    Int:  8    God:
Gold:   341        SH:  0    Dex: 14    Spells: 7/7 levels left

rFire    . . .     SeeInvis .   a - +0 long sword
rCold    + . .     Gourm    .   c - +0 shield
rNeg     . . .     Faith    .   b - +0 scale mail
rPois    .         Spirit   +   x - +2 hat
rElec    .         Reflect  .   (no cloak)
rCorr    .         Harm     .   h - +0 pair of gloves
MR       +....                  (no boots)
Stlth    ..........             (no amulet)
Regen    0.6/turn               t - ring of protection from cold
MPRegen  0.2/turn               B - ring of wizardry

@: confused, lethally poisoned (-1 -> -16), drained
A: fangs 3, regeneration 1, magic shield, antimagic bite, no potion heal 3, rot
immunity
a: no special abilities


You were on level 5 of the Dungeon.
You were not hungry.

You visited 1 branch of the dungeon, and saw 6 of its levels.

You collected 341 gold pieces.

Inventory:

Hand Weapons
 a - a +0 long sword (weapon)
 m - a +0 spear of pain
Armour
 b - a +0 scale mail (worn)
 c - a +0 shield (worn)
 h - a +0 pair of gloves (worn)
 x - a +2 hat (worn)
Jewellery
 t - a ring of protection from cold (left hand)
 B - a ring of wizardry (right hand)
Wands
 d - a wand of polymorph (14/24)
 j - a wand of clouds (6/9)
 w - a wand of confusion (26/48)
 F - a wand of flame (19/48)
Scrolls
 i - 8 scrolls of remove curse
 l - a scroll of immolation
 p - 3 scrolls of teleportation
 r - 3 scrolls of amnesia
 y - a scroll of enchant weapon
 E - a scroll of fog
 G - a scroll of brand weapon
Potions
 e - 2 potions of flight
 n - a potion of cancellation {unknown}
 o - a potion of curing {unknown}
 s - 4 potions of agility
 v - a potion of ambrosia
 z - a potion of heal wounds {unknown}
 A - a potion of magic {unknown}
 D - a potion of berserk rage {unknown}
Comestibles
 f - 3 bread rations
 g - 2 royal jellies
 q - 2 fruits
 u - a meat ration
 C - 4 chunks of flesh


   Skills:
 - Level 5.0(4.8) Fighting
 + Level 8.0(7.8) Long Blades
 - Level 3.5(3.4) Armour
 - Level 3.4(3.2) Shields


You had 7 spell levels left.
You didn't know any spells.

Dungeon Overview and Level Annotations

Branches:
Dungeon (6/15)
 Temple: D:4-7

Altars:
Fedhas
Trog

Annotations:
D:3 Pulso's ghost, amateur HOFi
D:4 2 transporters


Innate Abilities, Weirdness & Mutations

You have razor-sharp teeth.
Your natural rate of healing is unusually fast.
When hurt, damage is shared between your health and your magic reserves.
Your bite disrupts and absorbs the magic of your enemies.
Potions cannot restore your health.
You are immune to rotting.


Message History

You see here an arrow.
You feel sick. The water moccasin bites you.
* * * LOW HITPOINT WARNING * * *
You are lethally poisoned!
The water moccasin poisons you! The water moccasin bites you.
* * * LOW HITPOINT WARNING * * *
You are more poisoned.
The water moccasin poisons you! A mysterious force pulls you upwards.
The hatch slams shut behind you.
* * * LOW HITPOINT WARNING * * *
You feel very sick.
It was a potion of ambrosia.
You are confused.
Your system rejects the healing.
You feel invigorated.
* * * LOW HITPOINT WARNING * * *
You feel sick.
The water moccasin completely misses you.
You miss the water moccasin. Your bite misses the water moccasin.
The water moccasin is heavily wounded.
You die...

####.# #### #.# #.#
#####>### #...))).#
#####.###.#.# ########
........#.#.# #......# ##
#####.<.....######.####.#
#. ###.........@S...##.#
#. #.....######.#.##.# #.
## #....## #.#.##.# ##
.########.## #.#.##.# #
......# #.# #......# #
.####.# #.# ##...### #
.## #.###'## #...# ####
..# #.##...## #...# #...
..###.#.....## ###.# #...


You could see a water moccasin.

Vanquished Creatures
  Sigmund (D:2)
  Edmund (D:3)
  An orc warrior (D:6)
  3 ice beasts
  An ogre (D:5)
  2 centaurs (D:5)
  2 crimson imps
  A hound (D:5)
  2 orc wizards
  An iguana (D:4)
  4 worker ants
  A hound skeleton (D:4)
  8 gnolls
  7 adders
  A shadow imp (D:5)
  2 oozes
  An adder skeleton (D:4)
  3 worms
  A dart slug (D:2)
  A leopard gecko (D:1)
  11 orcs
  2 ball pythons
  6 bats
  6 giant cockroaches
  7 hobgoblins
  4 jackals
  A quokka (D:3)
  5 frilled lizards
  8 goblins
  5 kobolds
  A leopard gecko zombie (D:5)
  5 rats
105 creatures vanquished.

Notes
Turn   | Place    | Note
-------+----------+-------------------------------------------
     0 | D:1      | BALLS the Vine Stalker Fighter began the quest for the Orb.
     0 | D:1      | Reached XP level 1. HP: 11/11 MP: 2/2
   143 | D:1      | Reached skill level 2 in Long Blades
   277 | D:1      | Reached XP level 2. HP: 16/16 MP: 3/3
   853 | D:2      | Reached skill level 3 in Long Blades
   859 | D:2      | Reached XP level 3. HP: 13/19 MP: 4/4
  1034 | D:2      | Noticed Sigmund
  1232 | D:2      | Killed Sigmund
  1232 | D:2      | Reached skill level 5 in Long Blades
  1232 | D:2      | Gained mutation: Your natural rate of healing is unusually fast. [Vine Stalker growth]
  1232 | D:2      | Reached XP level 4. HP: 6/23 MP: 3/5
  1232 | D:2      | Reached XP level 5. HP: 7/27 MP: 3/6
  1428 | D:2      | Reached XP level 6. HP: 32/32 MP: 7/7
  1622 | D:2      | Found a blossoming altar of Fedhas.
  1753 | D:3      | Found a faded altar of an unknown god.
  1990 | D:3      | Noticed Pulso's ghost (amateur HOFi)
  2458 | D:3      | Reached skill level 6 in Long Blades
  2742 | D:4      | Noticed Edmund
  2798 | D:3      | Killed Edmund
  2798 | D:3      | Reached XP level 7. HP: 11/35 MP: 2/8
  2953 | D:4      | Found a transporter.
  3084 | D:4      | Reached skill level 7 in Long Blades
  3306 | D:4      | Found a transporter.
  3422 | D:5      | Entered Level 5 of the Dungeon
  3538 | D:5      | Reached skill level 5 in Fighting
  3538 | D:5      | Gained mutation: You have razor-sharp teeth. [Vine Stalker growth]
  3538 | D:5      | Reached XP level 8. HP: 25/43 MP: 7/9
  3672 | D:5      | Found a bloodstained altar of Trog.
  4574 | D:6      | Reached skill level 8 in Long Blades
  4613 | D:5      | HP: 2/43 [poisoned by a water moccasin]
  4614 | D:5      | Succumbed to a water moccasin's poison

Skill      XL: |  1  2  3  4  5  6  7  8 |
---------------+-------------------------+-----
Long Blades    | 2 3 5 6 7 8 |  8.0
Fighting       | 5 |  5.0
Armour         | 3 |  3.5
Shields        | 3 |  3.4

Action                   |  1- 3 |  4- 6 |  7- 9 || total
-------------------------+-------+-------+-------++-------
Melee: Long sword        |    72 |   162 |   179 ||   413
       Bite              |    28 |    42 |    70 ||   140
  Use: Potion            |     1 |       |     1 ||     2
       Scroll            |       |     1 |     8 ||     9
  Eat: Chunk             |     1 |     5 |     7 ||    13
Armor: Scale mail        |    29 |    65 |    74 ||   168
Dodge: Dodged            |    16 |    42 |    47 ||   105
Block: Shield            |    30 |    69 |    70 ||   169
       Rpst.: Long sword |     6 |    11 |    12 ||    29
